 Dungeon Crawl Stone Soup version 0.28.0-53-g5a82cb258f (webtiles) character file.

Game seed: 2626523842421148124

54378 Revguard the Bludgeoner (level 14, -5/140 HPs)
             Began as a Troll Berserker on July 26, 2022.
             Was a High Priest of Trog.
             Killed by divine providence
             ... invoked by an orc priest
              (10 damage)
             ... on level 2 of the Orcish Mines.
             The game lasted 00:51:50 (13949 turns).

Revguard the Bludgeoner (Troll Berserker)          Turns: 13949, Time: 00:51:54

Health: -5/140     AC: 19    Str: 28    XL:     14   Next: 34%
Magic:  0/13       EV: 18    Int:  5    God:    Trog [*****.]
Gold:   2446       SH:  0    Dex: 15    Spells: 13/13 levels left

rFire   . . .      SeeInvis .   m - +4 giant club (spect)
rCold   . . .      Faith    .   (shield currently unavailable)
rNeg    . . .      Spirit   +   a - +5 steam dragon scales
rPois   .          Reflect  .   K - +2 hat
rElec   .          Harm     .   F - +2 cloak
rCorr   .          Rampage  .   (gloves unavailable)
Will    +++..                   (boots unavailable)
Stlth   +.........              H - amulet of guardian spirit
HPRegen 2.13/turn               d - +4 ring of slaying
MPRegen 0.13/turn               O - +4 ring of evasion

@: strong-willed, on berserk cooldown, regenerating, slowed, studying 2 skills,
very slow
A: large, unfitting armour, claws 3, regeneration 1, shaggy fur 1, tough skin 1,
agile 1, clever 1, mutation resistance 1, passive freeze
a: Renounce Religion, Berserk, Trog's Hand, Brothers in Arms


You were on level 2 of the Orcish Mines.
You worshipped Trog.
Trog was extremely pleased with you.
You visited 2 branches of the dungeon, and saw 17 of its levels.
You visited the Abyss 1 time.
You also visited: Sewer and Bailey.

You collected 2785 gold pieces.
You spent 339 gold pieces at shops.

Inventory:

Hand Weapons
 m - a +4 spectral giant club (weapon)
 s - a +0 hand axe of flaming
Missiles
 q - 3 silver boomerangs
 I - 18 large rocks (quivered)
 J - a throwing net
Armour
 a - +5 steam dragon scales (worn)
 F - a +2 cloak (worn)
 K - a +2 hat (worn)
Jewellery
 d - a +4 ring of slaying (left claw)
 g - a ring of protection from fire
 y - a ring of poison resistance
 G - a ring of fire
 H - an amulet of guardian spirit (around neck)
 O - a +4 ring of evasion (right claw)
 Q - a +6 ring of dexterity
Wands
 b - a wand of polymorph (11)
 h - a wand of acid (17)
 n - a wand of iceblast (13)
 t - a wand of mindburst (13)
 x - a wand of charming (5)
 C - a wand of digging (10)
 N - a wand of flame (15)
Scrolls
 j - 4 scrolls of blinking
 l - 9 scrolls of teleportation
 r - 2 scrolls of noise
 u - 2 scrolls of magic mapping
 v - 4 scrolls of fog
 w - a scroll of vulnerability
 B - 7 scrolls of amnesia
 D - 5 scrolls of fear
 L - 4 scrolls of identify
 M - 2 scrolls of torment
 P - a scroll of summoning
Potions
 c - 3 potions of heal wounds
 e - 2 potions of invisibility
 f - 8 potions of curing
 i - 3 potions of haste
 k - a potion of cancellation
 o - 3 potions of brilliance
 p - 2 potions of ambrosia
 z - 3 potions of lignification
 A - 4 potions of berserk rage
 E - 2 potions of mutation


   Skills:
 + Level 9.4 Fighting
 * Level 16.1 Maces & Flails
 + Level 9.7 Throwing
 + Level 9.3 Armour
 + Level 9.4 Dodging


You had 13 spell levels left.
You didn't know any spells.
Your spell library was empty.

Dungeon Overview and Level Annotations

Branches:
Dungeon (15/15)            Temple (0/1) D:5            Lair (0/6) D:11
    Orc (2/2) D:9             Elf (0/3) Orc:2        Vaults (0/5) D:13
 Depths (0/4) D:15          Sewer (visited)          Bailey (visited)

Altars:
Ashenzari
Dithmenos
Gozag
Hepliaklqana
Kikubaaqudgha
Trog
Uskayaw
Wu Jian
Xom
The Shining One

Shops:
D:1 (   D:5 (   D:7 ?

Annotations:
Orc:2 Saint Roka


Innate Abilities, Weirdness & Mutations

You are too large for most types of armour.
You have claws for hands.
Your natural rate of healing is unusually fast.
You are covered in fur. (AC +1)
You have tough skin. (AC +1)
You are agile. (Dex +2)
Your mind is acute. (Int +2)
You are somewhat resistant to further mutation.
A frigid envelope surrounds you and freezes all who hurt you.


Message History

Your spectral weapon shares its damage with you!
Your +4 spectral giant club fades away.
* * * LOW HITPOINT WARNING * * *
Your deep troll bites the orc sorcerer!
The orc sorcerer dies!
Trog accepts your kill.
Trog appreciates your killing of a magic user.
You bludgeon Saint Roka!!
Saint Roka is heavily wounded.
Your +4 spectral giant club hits Saint Roka!!
You hear a shout!
An orc priest comes into view. It is wielding a +0 war axe.
An orc comes into view. It is wielding a +4 vorpal flail.
The orc warrior hits you from afar with a +0 glaive!!
* * * LOW HITPOINT WARNING * * *
An orc sorcerer comes into view. It is wielding a +0 dagger.
The orc wizard mumbles some strange words.
The orc wizard flickers and vanishes!
Deactivating autopickup; reactivate with Ctrl-A.
Your deep troll bites the orc warrior!!
The orc warrior dies!
Trog accepts your kill.
Saint Roka roars a battlecry!
Items here: )) [[.
You feel a strong urge to attack something.
Your deep troll bites the orc warrior!!
Your deep troll claws the orc warrior.
Your deep troll claws the orc warrior!!
The orc warrior dies!
Trog accepts your kill.
The orc knight roars a battlecry!
Things that are here:
a +0 war axe; a +0 chain mail You are no longer berserk.
You are exhausted.
You feel yourself slow down.
You hear a shout!
The warg bites your deep troll!
The orc priest mumbles some strange prayers to Beogh against you.
Beogh smites you!
You die...

.........# .o......
#o....# #.o...# #8)).8#
... #)ho).# ## ....
#Too..#..## ##...#
##ยง#)...ooo. #.....
#####.@.#.......
#....###..###........{.
###...#.....###.........
##..#........##.#.#......
#....#.#.#.......##......
#.......##...........#..
##..#....#...#..........
##.#..........#.........
#...#..#.....##.........


You could see a warg, an orc warrior (strong), 2 orc priests, an orc and a
friendly deep troll (summoned, berserk, poisoned).

Vanquished Creatures
  Rupert (D:14)
  A tentacled starspawn (Abyss:1)
  The ghost of maxinsky the Spear-Bearer, a journeyman MiFi of Okawaru (D:12)
  5 hydras
  3 boulder beetles (D:14)
  5 vault guards (D:13)
  A catoblepas (D:14)
  A tengu warrior (D:13)
  A deep elf knight (D:13)
  Sonja (D:12)
  A wizard (D:15)
  Pikel (D:4)
  4 lindwurms (D:15)
  6 deep elf pyromancers
  A necromancer (D:15)
  13 ugly things
  3 orc knights
  2 orc sorcerers (D:13)
  5 cyclopes
  A shining eye (Abyss:1)
  A naga mage (D:15)
  5 smoke demons (Abyss:1)
  Maurice (D:12)
  An efreet (D:15)
  4 kobold demonologists
  A hellion (Abyss:1)
  2 komodo dragons (D:11)
  4 tengu conjurers (D:15)
  A hellwing (Abyss:1)
  3 trolls
  An ancient zyme (Abyss:1)
  3 meliai (D:13)
  Prince Ribbit (D:7)
  8 slime creatures
  A meliai zombie (D:11)
  2 wyverns
  2 shadows
  2 vampires
  4 wraiths
  A human (D:13)
  32 yaks
  6 vampire mosquitoes
  4 basilisks
  2 steam dragons
  4 wargs
  2 acid dragons
  A harpy simulacrum (D:15)
  2 large abominations (Abyss:1)
  A small abomination (Abyss:1)
  7 water moccasins
  An ice beast (D:7)
  5 black bears
  19 orc warriors
  2 necrophages
  2 sky beasts
  A hornet zombie (D:7)
  7 ogres
  6 boggarts (D:15)
  2 phantoms (D:5)
  9 kobold brigands
  2 bullfrogs
  2 scorpions (D:5)
  A wyvern skeleton (D:7)
  A water moccasin skeleton (D:5)
  11 killer bees
  7 wights
  8 howler monkeys
  4 crimson imps (D:12)
  4 centaur zombies
  A quasit (D:12)
  4 hounds
  A jelly (D:6)
  10 orc priests
  2 bullfrog zombies
  4 centaur skeletons
  3 iguanas
  8 orc wizards
  2 hound zombies (D:5)
  A hound skeleton (D:4)
  16 gnolls
  4 river rats (Sewer)
  8 adders
  A howler monkey skeleton (D:6)
  A shadow imp (D:5)
  2 white imps
  2 ufetubi
  A worm (D:2)
  A dart slug (D:3)
  28 orcs
  4 bats
  4 endoplasms (D:1)
  6 giant cockroaches
  11 goblins
  11 hobgoblins
  4 jackals (D:1)
  8 kobolds
  5 quokkas
  8 ball pythons
  11 frilled lizards
  8 rats
440 creatures vanquished.

Vanquished Creatures (collateral kills)
  An orc warlord (Bailey)
  An orc sorcerer (Orc:2)
  4 slime creatures (D:12)
  A warg (Orc:2)
  7 orc warriors
  An orc wizard (Orc:2)
  3 orcs
  4 hobgoblins (Bailey)
22 creatures vanquished.

Vanquished Creatures (others)
  A human (D:6)
  An orc (D:9)
  37 fungi
  28 plants
  2 starspawn tentacles (Abyss:1)
69 creatures vanquished.

Grand Total: 531 creatures vanquished

Notes
Turn   | Place    | Note
-------+----------+-------------------------------------------
     0 | D:1      | Revguard the Troll Berserker began the quest for the Orb.
     0 | D:1      | Reached XP level 1. HP: 22/22 MP: 0/0
   214 | D:1      | Found a faded altar of an unknown god.
   248 | D:1      | Reached XP level 2. HP: 29/29 MP: 1/1
   455 | D:1      | Found Heuhy's Antique Weapon Emporium.
   604 | D:1      | Reached ** piety under Trog
   769 | D:2      | Reached XP level 3. HP: 36/36 MP: 2/2
   819 | D:2      | Reached skill level 3 in Maces & Flails
   819 | D:2      | Reached skill level 1 in Throwing
   819 | D:2      | Reached skill level 1 in Armour
  1188 | D:3      | Reached XP level 4. HP: 29/44 MP: 3/3
  1622 | D:4      | Reached XP level 5. HP: 52/53 MP: 4/4
  1827 | D:4      | Noticed a lemure
  1828 | D:4      | Noticed Pikel
  1828 | D:4      | Noticed a lemure
  1828 | D:4      | Noticed a lemure
  1829 | D:4      | Noticed a lemure
  1845 | D:4      | Killed Pikel
  1846 | D:4      | Reached skill level 4 in Maces & Flails
  1846 | D:4      | Reached XP level 6. HP: 62/62 MP: 5/5
  1846 | D:4      | Reached XP level 7. HP: 68/68 MP: 6/6
  2117 | D:4      | Reached XP level 8. HP: 73/78 MP: 7/7
  2339 | D:5      | Entered Level 5 of the Dungeon
  2350 | D:5      | Reached skill level 5 in Maces & Flails
  2473 | D:5      | Found a glowing drain.
  2489 | Sewer    | Entered a sewer
  2587 | Sewer    | Reached *** piety under Trog
  2932 | D:5      | Found a hazy altar of Hepliaklqana.
  2937 | D:5      | Found a glowing golden altar of the Shining One.
  2937 | D:5      | Found a hide-covered altar of Uskayaw.
  2937 | D:5      | Found a bloodstained altar of Trog.
  3081 | D:5      | Found Urruoc's Hydra Hut.
  3085 | D:5      | Noticed a four-headed hydra
  3089 | D:5      | Bought a +0 hand axe of flaming for 74 gold pieces
  3506 | D:5      | Found a staircase to the Ecumenical Temple.
  3598 | D:5      | Reached skill level 6 in Maces & Flails
  3675 | D:6      | Found a shadowy altar of Dithmenos.
  3696 | D:6      | Reached XP level 9. HP: 65/87 MP: 8/8
  3798 | D:6      | Found an ancient bone altar of Kikubaaqudgha.
  4071 | D:6      | Reached skill level 5 in Fighting
  4071 | D:6      | Reached skill level 5 in Dodging
  4107 | D:6      | Reached **** piety under Trog
  4499 | D:7      | Found Vasu's Magic Scroll Shoppe.
  4530 | D:7      | Bought a scroll of enchant weapon for 75 gold pieces
  4530 | D:7      | Bought a scroll of enchant armour for 75 gold pieces
  4530 | D:7      | Bought a scroll of magic mapping for 35 gold pieces
  4530 | D:7      | Bought a scroll of identify for 20 gold pieces
  4530 | D:7      | Bought a scroll of teleportation for 30 gold pieces
  4530 | D:7      | Bought a scroll of teleportation for 30 gold pieces
  4549 | D:7      | Noticed Prince Ribbit
  4557 | D:7      | Killed Prince Ribbit
  4589 | D:7      | Reached skill level 7 in Maces & Flails
  4705 | D:7      | Reached skill level 5 in Throwing
  5237 | D:7      | Identified a scroll of acquirement
  5240 | D:7      | Acquired a manual of Maces & Flails
  5298 | D:8      | Reached XP level 10. HP: 74/97 MP: 9/9
  5301 | D:8      | Reached skill level 8 in Maces & Flails
  5301 | D:8      | Reached skill level 5 in Armour
  5868 | D:8      | Reached skill level 9 in Maces & Flails
  6039 | D:9      | Reached ***** piety under Trog
  6067 | D:9      | Found a staircase to the Orcish Mines.
  6249 | D:9      | Reached skill level 10 in Maces & Flails
  6298 | D:9      | Found an opulent altar of Gozag.
  6386 | D:9      | Reached XP level 11. HP: 95/107 MP: 10/10
  6694 | D:9      | Found an ornate altar of the Wu Jian Council.
  7009 | D:10     | Entered Level 10 of the Dungeon
  7102 | D:10     | Found a flagged portal.
  7111 | Bailey   | Entered a bailey
  7153 | Bailey   | Noticed an orc knight
  7162 | Bailey   | Killed an orc knight
  7163 | Bailey   | Reached skill level 11 in Maces & Flails
  7265 | Bailey   | Received a gift from Trog
  7351 | Bailey   | Noticed an orc warlord
  7364 | Bailey   | Killed an orc warlord
  7423 | Bailey   | Acquired 1268 gold pieces
  7451 | Bailey   | Gained mutation: Your mind is acute. (Int +2) [potion of
                  | mutation]
  7451 | Bailey   | Gained mutation: You are agile. (Dex +2) [potion of
                  | mutation]
  7451 | Bailey   | Gained mutation: A frigid envelope surrounds you and
                  | freezes all who hurt you. [potion of mutation]
  7451 | Bailey   | Gained mutation: You are somewhat resistant to further
                  | mutation. [potion of mutation]
  7889 | D:10     | Identified the +0 long sword of Didwit {freeze, rCorr}
  8122 | D:10     | Reached skill level 12 in Maces & Flails
  8420 | D:11     | Found a staircase to the Lair.
  8573 | D:11     | Noticed a six-headed hydra
  8579 | D:11     | Killed a two-headed hydra
  8639 | D:11     | Reached XP level 12. HP: 107/118 MP: 7/11
  9282 | D:12     | Reached skill level 13 in Maces & Flails
  9412 | D:12     | Noticed Sonja
  9421 | D:12     | Killed Sonja
  9495 | D:12     | Noticed an eight-headed hydra
  9500 | D:12     | Killed an eight-headed hydra
  9587 | D:12     | Found a shimmering altar of Xom.
  9737 | D:12     | Noticed Maurice
  9756 | D:12     | Killed Maurice
  9819 | D:12     | Reached skill level 14 in Maces & Flails
 10077 | D:12     | Found a runed translucent gate.
 10084 | D:12     | Found a runed translucent gate.
 10086 | D:12     | Found a runed translucent gate.
 10087 | D:12     | Noticed maxinsky's ghost (journeyman MiFi)
 10535 | D:12     | Killed maxinsky's ghost
 10557 | D:12     | Cast into level 1 of the Abyss (kobold brigand)
 10560 | Abyss:1  | Found a broken altar of Ashenzari.
 10683 | Abyss:1  | Found a broken altar of Ashenzari.
 10787 | Abyss:1  | Noticed a tentacled starspawn
 10792 | Abyss:1  | Killed a tentacled starspawn
 10842 | D:12     | Escaped the Abyss
 10923 | D:13     | Noticed a tengu warrior
 10928 | D:13     | Killed a tengu warrior
 10949 | D:13     | Noticed a vault guard
 10963 | D:13     | Killed a vault guard
 10968 | D:13     | Noticed a vault guard
 10985 | D:13     | Noticed a vault guard
 10996 | D:13     | Paralysed by an orc sorcerer for 3 turns
 11004 | D:13     | Reached XP level 13. HP: 95/127 MP: 8/12
 11180 | D:13     | Found a gate to the Vaults.
 11371 | D:13     | Reached skill level 15 in Maces & Flails
 12027 | D:14     | Noticed Rupert
 12038 | D:14     | Killed Rupert
 12569 | D:15     | Entered Level 15 of the Dungeon
 12667 | D:15     | Acquired a manual of Armour
 12679 | D:15     | Received a gift from Trog
 12921 | D:15     | Found a broken altar of Ashenzari.
 12970 | D:15     | Reached XP level 14. HP: 44/140 MP: 4/13
 13168 | D:15     | Found a staircase to the Depths.
 13649 | Orc:1    | Entered Level 1 of the Orcish Mines
 13657 | Orc:1    | Reached skill level 16 in Maces & Flails
 13766 | Orc:2    | Entered Level 2 of the Orcish Mines
 13766 | Orc:2    | Found a staircase to the Elven Halls.
 13835 | Orc:2    | Reached ****** piety under Trog
 13925 | Orc:2    | Noticed Saint Roka
 13946 | Orc:2    | HP: 3/210 [orc warrior/+0 glaive (23)]
 13949 | Orc:2    | Killed from afar by an orc priest

Illustrated notes

Levels and vault maps discovered:
D:1:      dpeg_arrival_houses_and_road, layout_loops_ring,
          shapermc_ecumenical_altar_rom_forum, serial_shops,
          nicolae_diamond_shop
D:2:      layout_basic
D:3:      layout_rooms, kennysheep_cluttered_room
D:4:      layout_basic, minmay_misc_feat_diagonals, kennysheep_minor_cross,
          serial_bayou_crossing, uniq_pikel
D:5:      black_bear_nest_1, layout_basic,
          chequers_temple_overflow_statue_of_worship, minmay_temple_entry_fiery,
          gup_sewer_entry_pipe, doesnt_shop_hydraphobe
D:6:      layout_loops_ring, tgw_kikubaaqudgha, grunt_dithmenos_smoke,
          serial_park_tiny_1, minmay_manual_macuahuitl
D:7:      layout_gridville, serial_shops, nicolae_shop_hallway_plus,
          uniq_prince_ribbit1
D:8:      layout_loops_ring
D:9:      layout_loops_ring, nicolae_gozag_seed_capital, general_overflow_altar,
          erik_orc_3
D:10:     layout_irregular_city, enter_bailey_8, roderic_cross_of_infinity,
          kennysheep_small_spiral
D:11:     layout_basic, due_lair_maze_entry_diamond
D:12:     layout_layer_cave, gammafunk_ghost_nasty_kobolds, led_xom_imps,
          uniq_maurice, uniq_sonja
D:13:     layout_loops_ring, grunt_vaults_entry_fortified,
          serial_co_window_serial, co_window_paths_a, co_window_corner_a,
          co_window_of_opportunity_a, co_window_corner_a, co_window_paths_a,
          co_window_corner_a, co_window_corner_a, co_window_broadway_b,
          co_window_2corner, co_window_of_opportunity_b,
          co_window_of_opportunity_b, co_window_corner_ca, glass_columns_b
D:14:     layout_rooms, moated_statue, uniq_rupert
D:15:     grunt_enter_depths_magical_seal, layout_long_grid,
          cheibrodos_ashenzari_chains, minmay_lindwurm_lava
Orc:1:    layout_diamond_mine, guppyfry_orc_lava_fort, uniq_snorg
Orc:2:    grunt_orc_cross, layout_caves, minmay_orc_temple_a

Skill      XL: |  1  2  3  4  5  6  7  8  9 10 11 12 13 14 |
---------------+-------------------------------------------+-----
Maces & Flails | 3 4 6 7 10 12 14 15 16 | 16.1
Throwing       | 1 2 3 4 5 6 7 8 9 |  9.7
Armour         | 1 2 3 4 5 6 7 8 9 |  9.3
Dodging        | 3 4 5 6 7 8 9 |  9.4
Fighting       | 3 4 5 6 7 8 9 |  9.4

Action                   |  1- 3 |  4- 6 |  7- 9 | 10-12 | 13-15 || total
-------------------------+-------+-------+-------+-------+-------++-------
Melee: Mace              |    90 |    55 |     7 |       |       ||   152
       Punch             |     1 |       |       |       |     2 ||     3
       Giant club        |       |       |   190 |   375 |   210 ||   775
       Hand axe          |       |       |       |     5 |     9 ||    14
Throw: Large rock        |       |       |       |    17 |     3 ||    20
Invok: Berserk           |       |     1 |       |     5 |     2 ||     8
       Trog's Hand       |       |     1 |       |     5 |     2 ||     8
       Brothers in Arms  |       |       |       |     3 |     1 ||     4
Evoke: Wand              |       |       |       |     7 |     2 ||     9
  Use: Scroll            |     3 |       |    16 |    18 |     4 ||    41
       Potion            |       |       |       |     7 |     1 ||     8
 Stab: Sleeping          |       |     1 |     3 |       |       ||     4
       Distracted        |       |       |       |     3 |     6 ||     9
Armor: Animal skin       |    54 |     5 |    54 |    10 |       ||   123
       Steam dragon scal |       |       |       |   183 |    87 ||   270
Dodge: Dodged            |    92 |    29 |   126 |   304 |   168 ||   719
